 Dungeon Crawl Stone Soup version 0.26-a0-259-g1effd001a9 (webtiles) character file.

Game seed: 17370854757670746448

169622 sanka the Gelid (level 17, -3/144 HPs)
             Began as a Barachi Ice Elementalist on July 14, 2020.
             Was the Champion of Vehumet.
             Killed from afar by a bog body (27 damage)
             ... with a bolt of cold
             ... on level 4 of the Swamp.
             The game lasted 01:28:15 (34243 turns).

sanka the Gelid (Barachi Ice Elementalist)         Turns: 34243, Time: 01:28:15

Health: -3/144     AC: 38    Str: 17    XL:     17   Next: 97%
Magic:  31/31      EV: 19    Int: 20    God:    Vehumet [******]
Gold:   2004       SH:  0    Dex: 14    Spells: 15/36 levels left

rFire    . . .     SeeInvis .   a - +8 lajatang (flame)
rCold    . . .     Faith    +   (shield currently unavailable)
rNeg     . . .     Spirit   .   W - +27 Lear's hauberk
rPois    .         Reflect  .   (helmet currently unavailable)
rElec    .         Harm     .   (no cloak)
rCorr    .                      (gloves currently unavailable)
MR       +....                  (boots currently unavailable)
Stlth    ..........             B - amulet of faith
HPRegen  0.34/turn              X - +6 ring of strength
MPRegen  0.22/turn              i - +4 ring of evasion

@: lethally poisoned (-3 -> -41), slow
A: +LOS, swims, slowness 1, strong legs 2
a: Hop, Renounce Religion


You were on level 4 of the Swamp.
You worshipped Vehumet.
Vehumet was exalted by your worship.
You were not hungry.

You visited 5 branches of the dungeon, and saw 28 of its levels.

You collected 2846 gold pieces.
You spent 842 gold pieces at shops.


Innate Abilities, Weirdness & Mutations

You can be seen from farther away. (+LOS)
You can swim through water.
You cover ground slowly.
You can hop long distances.


   Skills:
 - Level 16.0 Fighting
 * Level 13.0 Staves
 - Level 10.0 Armour
 - Level 16.0 Dodging
 - Level 1.7 Stealth
 - Level 10.0 Spellcasting
 - Level 4.0 Conjurations
 - Level 4.0 Summonings
 - Level 19.0 Ice Magic
 - Level 4.0 Evocations


You had 15 spell levels left.
You knew the following spells:

 Your Spells              Type           Power        Failure   Level
a - Ozocubu's Armour      Chrm/Ice       #####...     4%          3
u - Hailstorm             Conj/Ice       ######..     1%          4
x - Summon Ice Beast      Ice/Summ       ######..     6%          4
y - Frozen Ramparts       Ice            ######       1%          3
z - Ozocubu's Refrigerat  Ice            ######....   1%          6
X - Freeze                Ice            ####         1%          1

Your spell library contained the following spells:

 Spells                   Type           Power        Failure   Level
 Chain Lightning          Conj/Air       ###.......   100%        8
 Ignition                 Fire           ##........   100%        8
 Shatter                  Erth           ##........   100%        9
 Magic Dart               Conj           ####         3%          1
 Searing Ray              Conj           ####..       5%          2
 Summon Butterflies       Summ           ####....     13%         1
 Summon Small Mammal      Summ           ####         13%         1
 Sandblast                Erth           ##....       17%         1
 Call Imp                 Summ           ####....     19%         2
 Dazzling Flash           Conj/Hex       ###...       22%         3
 Stone Arrow              Conj/Erth      ###...       22%         3
 Call Canine Familiar     Summ           ####....     36%         3
 Apportation              Tloc           ##....       54%         1
 Fulminant Prism          Conj/Hex       ###.......   54%         4
 Iskenderun's Mystic Bla  Conj/Tloc      ###.....     54%         4
 Summon Guardian Golem    Hex/Summ       ###.....     65%         3
 Passwall                 Tmut/Erth      ##......     69%         2
 Lesser Beckoning         Tloc           ##........   89%         3
 Tukima's Dance           Hex            ##......     89%         3
 Summon Lightning Spire   Summ/Air       ###.....     96%         4
 Lee's Rapid Deconstruct  Erth           ##........   98%         5
 Leda's Liquefaction      Hex/Erth       ##........   100%        4
 Petrify                  Tmut/Erth      ##......     100%        4
 Alistair's Intoxication  Tmut/Pois      ##......     100%        5
 Invisibility             Hex            ##......     100%        6
 Shadow Creatures         Summ           N/A          100%        6
 Spellforged Servitor     Conj/Summ      ####......   100%        7

Inventory:

Hand Weapons
 a - a +8 lajatang of flaming (weapon)
Missiles
 q - 642 stones (quivered)
 t - 12 curare-tipped darts {=f}
 T - 4 throwing nets {=f}
Armour
 W - the +27 Lear's hauberk (worn)
Magical Staves
 b - an uncursed staff of cold
 y - an uncursed staff of wizardry {!a}
 V - an uncursed staff of air
Jewellery
 i - a +4 ring of evasion (right hand)
 o - an uncursed amulet of magic regeneration {unknown}
 u - an uncursed amulet of the acrobat
 B - an amulet of faith (around neck)
 H - an uncursed ring of flight
 X - a +6 ring of strength (left hand)
Wands
 r - a wand of disintegration (18)
 K - a wand of clouds (4)
 N - a wand of acid (11)
 O - a wand of digging (5)
 U - a wand of iceblast (1)
Scrolls
 d - 5 scrolls of immolation {!r}
 e - a scroll of brand weapon
 f - 5 scrolls of fear
 j - 8 scrolls of enchant armour
 n - 4 scrolls of fog
 s - 13 scrolls of remove curse
 w - a scroll of silence {!r}
 x - 6 scrolls of amnesia
 C - 5 scrolls of blinking
 G - 7 scrolls of teleportation {@r4}
 Q - a scroll of vulnerability {!r}
 R - a scroll of holy word
Potions
 g - 3 potions of haste {unknown}
 h - 5 potions of lignification {unknown}
 k - a potion of ambrosia {unknown}
 m - 6 potions of heal wounds {@q2}
 p - 2 potions of mutation {unknown}
 z - 7 potions of might
 A - a potion of berserk rage {unknown}
 D - 3 potions of invisibility {unknown}
 E - 6 potions of brilliance {unknown}
 F - 5 potions of curing {@q1}
 M - 2 potions of degeneration {unknown}
 P - 2 potions of magic {unknown}
 S - 2 potions of resistance {unknown}
 Y - 3 potions of flight {unknown}
Miscellaneous
 J - a box of beasts
 Z - a tin of tremorstones (3/3)
Comestibles
 c - 39 rations

Dungeon Overview and Level Annotations

Branches:
Dungeon (15/15)            Temple (1/1) D:6            Lair (6/6) D:9
  Swamp (4/4) Lair:2        Snake (0/4) Lair:3        Slime (0/5) Lair:6
    Orc (2/2) D:9             Elf (0/3) Orc:2        Vaults (0/5) D:13
 Depths (0/5) D:15

Altars:
Ashenzari
Cheibriados
Dithmenos
Elyvilon
Fedhas
Gozag
Hepliaklqana
Kikubaaqudgha
Makhleb
Nemelex Xobeh
Okawaru
Qazlal
Ru
Sif Muna
Trog
Uskayaw
Vehumet
Wu Jian
Xom
Yredelemnul
Zin
The Shining One

Shops:
D:7 [*   Orc:1 *   Orc:2 (*%*

Annotations:
D:5 3 runed translucent doors, Ezendos's ghost, novice BaAr
Lair:6 exclusion: oklob plant

▒.≈≈▒ ♣♣ ▒.£≈▒ ♣ ▒!≈.▒ ♣
♣♣†≈.♣♣♣♣ ♣♣♣ ♣
♣♣.†..≈†.♣♣♣.♣♣♣ ♣
♣♣††n≈≈≈)≈☼♣♣^..♣ ♣
♣≈≈☼....♣#§♣♣≈.≈♣♣♣♣♣
♣♣≈♣°†☼.♣...♣≈≈≈♣♣.#≈
♣♣.♣.☼§F☼☼♣♣≈...≈≈≈≈.#≈≈
♣..).°§≈.☼≈≈)...≈≈≈≈..≈≈
♣♣.≈§☼§☼≈.≈≈.#.)≈≈≈.♣.≈≈
≈≈..≈≈.♣.°..≈...≈..≈♣♣.≈≈
♣.....♣♣♣.≈.♣..♣♣♣♣♣♣≈...≈
♣♣♣.♣♣ ♣≈....♣♣♣ ♣♣♣♣..≈≈≈
♣♣ ♣♣≈≈.♣♣ ♣.....≈≈≈ ♣♣♣♣♣
♣≈≈.≈..≈≈ ♣♣.≈♣....


You could see a bog body.


Message History

You slice the swamp dragon!! You burn the swamp dragon!
The swamp dragon is severely wounded.
You are engulfed in poison gas.
You are poisoned.
* * * LOW HITPOINT WARNING * * *
You feel sick.
Unknown command.
You hit the swamp dragon. You burn the swamp dragon.
The swamp dragon is severely wounded.
You are engulfed in poison gas.
You are more poisoned.
* * * LOW HITPOINT WARNING * * *
You feel sick. The swamp dragon closely misses you.
The swamp dragon claws you but does no damage.
The swamp dragon closely misses you.
Unknown command.
You slice the swamp dragon!! You burn the swamp dragon.
You kill the swamp dragon!
Vehumet accepts your kill.
You are engulfed in poison gas.
You are lethally poisoned!
* * * LOW HITPOINT WARNING * * *
You feel very sick. The bog body casts a spell at you.
The bolt of cold hits you!!
You die...

Action                   |  1- 3 |  4- 6 |  7- 9 | 10-12 | 13-15 | 16-18 || total
-------------------------+-------+-------+-------+-------+-------+-------++-------
Melee: Dagger            |     9 |       |       |       |       |       ||     9
       Mace              |     4 |       |       |       |       |       ||     4
       Halberd           |       |    17 |    50 |       |       |       ||    67
       Great sword       |       |       |    41 |       |   358 |   102 ||   501
       Scimitar          |       |       |     6 |   141 |    31 |    11 ||   189
       Lajatang          |       |       |       |       |       |   491 ||   491
Throw: Stone             |       |     1 |     2 |    13 |     2 |       ||    18
 Cast: Freeze            |    42 |    28 |    47 |   209 |   299 |     1 ||   626
       Frozen Ramparts   |       |     7 |    20 |    63 |    94 |    21 ||   205
       Ozocubu's Armour  |       |     1 |    16 |    41 |     7 |       ||    65
       Summon Ice Beast  |       |       |       |     3 |     5 |       ||     8
       Ozocubu's Refrige |       |       |       |       |    17 |   119 ||   136
 Abil: Hop               |       |       |       |     3 |     1 |       ||     4
Evoke: Wand              |       |       |     3 |    11 |    11 |     1 ||    26
       Tin of tremorston |       |       |       |       |     3 |       ||     3
  Use: Scroll            |       |     2 |     5 |     8 |     6 |    11 ||    32
       Potion            |       |       |       |     2 |     1 |     2 ||     5
 Stab: Sleeping          |       |     5 |     1 |     2 |       |       ||     8
       Confused          |       |       |       |       |     1 |       ||     1
  Eat: Ration            |     1 |     2 |     4 |     8 |    10 |     8 ||    33
Armor: Robe              |     7 |     6 |    35 |    74 |    11 |       ||   133
       Chain mail        |       |       |       |       |   471 |   478 ||   949
Dodge: Dodged            |    44 |    21 |   166 |   430 |   920 |   702 ||  2283
       Rpst.: Great sword |       |       |    13 |       |   192 |    39 ||   244
       Scimitar          |       |       |     5 |   117 |    30 |     1 ||   153

Levels and vault maps discovered:
D:1:      matt_arrival_diagonals, layout_basic
D:2:      layout_rooms, nicolae_ru_the_path_less_chosen
D:3:      layout_loops_ring, fountainhead, minivault_19
D:4:      minmay_evil_eye, layout_basic
D:5:      layout_basic, marbit_many_paths, gammafunk_ghost_necromancy,
          first_ration, kennysheep_generic_room_16
D:6:      kennysheep_orc_sif_temple, layout_basic,
          minmay_temple_entry_gardened_gates, serial_shops,
          nicolae_shop_statue_plus, chequers_serial_rivers_small_a,
          kennysheep_boxes
D:7:      layout_rooms, serial_shops, nicolae_shop_waterfront,
          nicolae_shop_overgrown_old_shop
D:8:      layout_basic, overflow_temple_1_default, elyvilon_altar_5,
          hangedman_little_slice_of_home, jmf_multi_god_temple, uniq_maggie,
          uniq_erica, uniq_joseph, uniq_prince_ribbit1
D:9:      layout_big_octagon, overflow_temple_1_default,
          lemuel_coloured_pillars_altar, kennysheep_mini_moat,
          david_lair_generic, orc_0_dummy
D:10:     layout_gridville, uniq_sonja
D:11:     layout_roguey
D:12:     layout_loops_ring, minmay_misc_feat_nine_boxes, minmay_alternating_orb
D:13:     layout_small_grid, grunt_vaults_entry_fortified,
          david_defended_altar_orc
D:14:     layout_irregular_city, nicolae_lava_and_water, minivault_13
D:15:     hangedman_depths_entry_try_elsewhere_first, layout_rooms,
          grunt_decor_resistance
Temple:   regret_index_temple_sphere_string
Lair:1:   layout_loops_ring, infiniplex_staircase_pool_2, grunt_megastairs_3
Lair:2:   layout_small_grid, minmay_swamp_entry_wisps, uniq_harold
Lair:3:   layout_hall_layers, minmay_snake_entry_spellcaster,
          infiniplex_staircase_pool
Lair:4:   layout_misc_corridors, roderic_batcave, small_statue_intersection,
          uniq_rupert
Lair:5:   layout_hall_layers, nicolae_quartered_pool_medium
Lair:6:   minmay_lair_end_frog_pond, layout_big_grid,
          minmay_slime_entry_oklob_enclosed, lookout_lair_type,
          chequers_serial_rivers_micro_b, grunt_megastairs_5, lemuel_fruit_tree
Swamp:1:  layout_basic_swamp, nicolae_swamp_dense_foliage, swamp_pool1
Swamp:2:  layout_falls_marsh, nicolae_swamp_trees_clearing, swamp_pool4,
          worms_lemuel
Swamp:3:  cheibrodos_swamp_heart_of_darkness, layout_basic_swamp,
          evilmike_swamp_ruin_rubble_1, nicolae_swamp_necromancer_hut,
          uniq_louise
Swamp:4:  swamp_basic_johnstein, layout_basic_swamp
Orc:1:    layout_diamond_mine, serial_shops, shop
Orc:2:    st_orc_open, layout_caves, uniq_erolcha

Notes
Turn   | Place    | Note
-------+----------+-------------------------------------------
     0 | D:1      | sanka the Barachi Ice Elementalist began the quest for the
                  | Orb.
     0 | D:1      | Reached XP level 1. HP: 13/13 MP: 3/3
   107 | D:1      | Reached skill level 5 in Ice Magic
   123 | D:1      | Reached XP level 2. HP: 19/19 MP: 0/5
   351 | D:1      | Reached XP level 3. HP: 24/24 MP: 1/7
   412 | D:1      | Learned a level 3 spell: Frozen Ramparts
   416 | D:1      | Learned a level 3 spell: Ozocubu's Armour
   471 | D:1      | Reached skill level 3 in Spellcasting
  1079 | D:2      | Reached skill level 6 in Ice Magic
  1178 | D:2      | Reached XP level 4. HP: 29/30 MP: 5/8
  1345 | D:2      | Found a sacrificial altar of Ru.
  1999 | D:5      | Entered Level 5 of the Dungeon
  2006 | D:5      | Reached skill level 7 in Ice Magic
  2006 | D:5      | Reached XP level 5. HP: 34/35 MP: 4/9
  2053 | D:5      | Noticed a centaur
  2070 | D:5      | Killed a centaur
  2070 | D:5      | Reached skill level 1 in Fighting
  2343 | D:5      | Reached skill level 2 in Fighting
  2343 | D:5      | Reached skill level 3 in Dodging
  2343 | D:5      | Reached XP level 6. HP: 44/44 MP: 5/10
  2553 | D:3      | Identified a +2 robe of the Archmagi
  3192 | D:4      | Reached skill level 3 in Fighting
  3369 | D:4      | Reached skill level 4 in Dodging
  3369 | D:4      | Reached skill level 8 in Ice Magic
  3369 | D:4      | Reached XP level 7. HP: 52/52 MP: 7/11
  3376 | D:4      | Learned a level 4 spell: Summon Ice Beast
  4025 | D:5      | Reached skill level 1 in Summonings
  4078 | D:5      | Found a runed translucent gate.
  4148 | D:5      | Found a runed translucent gate.
  4148 | D:5      | Found a runed translucent gate.
  4152 | D:5      | Noticed Ezendos's ghost (novice BaAr)
  4545 | D:5      | Found a shimmering blue altar of Sif Muna.
  4758 | D:6      | Found a staircase to the Ecumenical Temple.
  4768 | Temple   | Entered the Ecumenical Temple
  4921 | Temple   | Became a worshipper of Vehumet
  5084 | D:6      | Reached skill level 4 in Fighting
  5084 | D:6      | Reached skill level 2 in Summonings
  5111 | D:6      | Found a shimmering blue altar of Sif Muna.
  5117 | D:6      | Reached XP level 8. HP: 60/60 MP: 8/13
  5207 | D:6      | Found Ugoanau's Weapon Shop.
  5430 | D:6      | Reached skill level 4 in Spellcasting
  5606 | D:6      | Reached skill level 5 in Dodging
  5606 | D:6      | Reached skill level 3 in Summonings
  6062 | D:7      | Reached skill level 5 in Fighting
  6064 | D:7      | Reached skill level 9 in Ice Magic
  6215 | D:7      | Reached skill level 4 in Summonings
  6221 | D:7      | Learned a level 4 spell: Hailstorm
  6414 | D:7      | Reached XP level 9. HP: 60/68 MP: 13/16
  6455 | D:7      | Found Akang's Assorted Antiques.
  6464 | D:7      | Reached skill level 1 in Conjurations
  6475 | D:7      | Reached skill level 5 in Spellcasting
  6856 | D:7      | Reached skill level 6 in Fighting
  6856 | D:7      | Reached skill level 6 in Dodging
  7003 | D:7      | Found Docekut's Antique Armour Emporium.
  7029 | D:8      | Noticed Joseph
  7029 | D:8      | Noticed Prince Ribbit
  7034 | D:8      | Reached skill level 2 in Conjurations
  7048 | D:8      | Killed Joseph
  7176 | D:8      | Noticed Erica
  7192 | D:8      | Killed Erica
  7192 | D:8      | Reached skill level 3 in Conjurations
  7192 | D:8      | Reached skill level 10 in Ice Magic
  7193 | D:8      | Found a white marble altar of Elyvilon.
  7392 | D:8      | Reached * piety under Vehumet
  7392 | D:8      | Offered knowledge of Foxfire by Vehumet.
  7437 | D:8      | Noticed a cyclops
  7441 | D:8      | Reached skill level 7 in Fighting
  7454 | D:8      | Killed a cyclops
  7454 | D:8      | Reached skill level 7 in Dodging
  7454 | D:8      | Reached skill level 6 in Spellcasting
  7454 | D:8      | Reached skill level 4 in Conjurations
  7454 | D:8      | Reached XP level 10. HP: 61/79 MP: 8/19
  7799 | D:8      | Found a hide-covered altar of Uskayaw.
  7822 | D:8      | Identified +0 acid dragon scales
  7822 | D:8      | Noticed Maggie
  7833 | D:8      | Killed Maggie
  8113 | D:8      | Noticed a two-headed ogre
  8125 | D:8      | Killed a two-headed ogre
  8125 | D:8      | Reached skill level 8 in Fighting
  8125 | D:8      | Reached skill level 11 in Ice Magic
  8241 | D:8      | Killed Prince Ribbit
  8241 | D:8      | Reached skill level 8 in Dodging
  8349 | D:8      | Found a glowing silver altar of Zin.
  8350 | D:8      | Noticed a purple very ugly thing
  8351 | D:8      | Found a white marble altar of Elyvilon.
  8352 | D:8      | Noticed a five-headed hydra
  8381 | D:8      | Killed a five-headed hydra
  8383 | D:8      | HP: 5/82 [purple very ugly thing (24)]
  8385 | D:8      | Killed a purple very ugly thing
  8385 | D:8      | Reached skill level 9 in Fighting
  8385 | D:8      | Reached skill level 9 in Dodging
  8385 | D:8      | Reached XP level 11. HP: 5/89 MP: 2/20
  8786 | D:9      | Found a staircase to the Orcish Mines.
  8895 | D:9      | Found a hazy altar of Hepliaklqana.
  8946 | D:9      | Noticed a two-headed ogre
  8968 | D:9      | Killed a two-headed ogre
  8968 | D:9      | Reached skill level 12 in Ice Magic
  9188 | D:9      | Reached skill level 10 in Fighting
  9291 | D:9      | Found a sacrificial altar of Ru.
  9364 | D:9      | Reached ** piety under Vehumet
  9364 | D:9      | Offered knowledge of Shock by Vehumet.
  9471 | D:9      | Identified a scroll of acquirement
  9747 | D:9      | Found a staircase to the Lair.
  9766 | D:9      | Reached skill level 10 in Dodging
 10082 | D:9      | Found a stormy altar of Qazlal.
 10165 | D:10     | Entered Level 10 of the Dungeon
 10306 | D:10     | Reached skill level 11 in Fighting
 10442 | D:10     | Noticed Sonja
 10582 | D:10     | Killed Sonja
 11227 | D:11     | Reached skill level 11 in Dodging
 11379 | D:11     | Offered knowledge of Inner Flame by Vehumet.
 11412 | D:11     | Noticed a cyclops
 11439 | D:11     | Killed a cyclops
 11695 | Lair:1   | Entered Level 1 of the Lair of Beasts
 11708 | Lair:1   | Reached skill level 12 in Fighting
 11708 | Lair:1   | Reached XP level 12. HP: 102/102 MP: 13/21
 11799 | Lair:1   | Reached *** piety under Vehumet
 11956 | Lair:1   | Reached skill level 12 in Dodging
 12828 | Lair:1   | Reached skill level 13 in Fighting
 13080 | Lair:2   | Noticed Harold
 13092 | Lair:2   | Killed Harold
 13298 | Lair:2   | Found a staircase to the Swamp.
 13307 | Lair:2   | Offered knowledge of Conjure Flame by Vehumet.
 13595 | Lair:2   | Got a crystal glaive
 13596 | Lair:2   | Identified the +1 glaive of the Common Good {protect, MR+}
                  | (You found it on level 2 of the Lair of Beasts)
 14386 | Lair:3   | Reached skill level 13 in Dodging
 14711 | Lair:3   | Found a staircase to the Snake Pit.
 14856 | Lair:3   | Noticed a six-headed hydra
 14864 | Lair:3   | Killed a six-headed hydra
 14864 | Lair:3   | Reached skill level 14 in Fighting
 15389 | Lair:4   | Gained mutation: You can hop long distances. [Barachi
                  | growth]
 15389 | Lair:4   | Reached XP level 13. HP: 113/113 MP: 16/22
 15397 | Lair:4   | Reached **** piety under Vehumet
 15515 | Lair:4   | Offered knowledge of Stone Arrow by Vehumet.
 15802 | Lair:4   | Reached skill level 14 in Dodging
 15866 | Lair:4   | Got a twisted chain mail
 15885 | Lair:4   | Identified the +1 chain mail of the Komodo Dragon {*Drain
                  | rElec Int+6 SInv} (You found it on level 4 of the Lair of
                  | Beasts)
 15998 | Lair:4   | Reached skill level 15 in Fighting
 16089 | Lair:4   | Found the +27 Lear's hauberk
 16647 | Lair:4   | Noticed Rupert
 16653 | Lair:4   | Killed Rupert
 16653 | Lair:4   | Reached skill level 2 in Armour
 16774 | Lair:5   | Reached skill level 3 in Armour
 16831 | Lair:5   | Reached ***** piety under Vehumet
 17033 | Lair:5   | Offered knowledge of Lightning Bolt by Vehumet.
 17033 | Lair:5   | Reached skill level 4 in Armour
 17409 | Lair:5   | Reached skill level 5 in Armour
 17526 | Lair:6   | Entered Level 6 of the Lair of Beasts
 17757 | Lair:6   | Reached skill level 15 in Dodging
 17838 | Lair:6   | Reached skill level 6 in Armour
 17871 | Lair:6   | Reached XP level 14. HP: 121/123 MP: 21/23
 17959 | Lair:6   | Offered knowledge of Yara's Violent Unravelling by Vehumet.
 18053 | Lair:6   | Reached skill level 7 in Armour
 18603 | Lair:6   | Reached skill level 16 in Fighting
 18640 | Lair:6   | Reached skill level 8 in Armour
 18670 | Lair:6   | Reached skill level 16 in Dodging
 18674 | Lair:6   | Reached skill level 1 in Evocations
 18748 | Lair:6   | Reached skill level 2 in Evocations
 18988 | Lair:6   | Got a dazzling hand crossbow
 18989 | Lair:6   | Identified the +6 hand crossbow of Perfectionism {flame,
                  | rF+} (You found it on level 6 of the Lair of Beasts)
 19544 | Lair:6   | Found a staircase to the Slime Pits.
 20019 | Orc:1    | Entered Level 1 of the Orcish Mines
 20173 | Orc:1    | Found Enom Fer's Assorted Antiques.
 20356 | Orc:2    | Entered Level 2 of the Orcish Mines
 20372 | Orc:2    | Offered knowledge of Bolt of Magma by Vehumet.
 20372 | Orc:2    | Reached skill level 3 in Evocations
 20373 | Orc:2    | Noticed Erolcha
 20378 | Orc:2    | Noticed a stone giant
 20382 | Orc:2    | Reached skill level 7 in Spellcasting
 20384 | Orc:2    | Killed Erolcha
 20384 | Orc:2    | Reached skill level 4 in Evocations
 20385 | Orc:2    | Killed a stone giant
 20385 | Orc:2    | Reached skill level 9 in Armour
 20390 | Orc:2    | Reached XP level 15. HP: 90/131 MP: 26/26
 20403 | Orc:2    | Reached skill level 13 in Ice Magic
 20609 | Orc:2    | Reached skill level 8 in Spellcasting
 21014 | Orc:2    | Found Gid For's Assorted Antiques.
 21035 | Orc:2    | Found Ril Zoen's Weapon Emporium.
 21039 | Orc:2    | Found Gipeth's Food Shoppe.
 21050 | Orc:2    | Found Maffiank's Assorted Antiques.
 21076 | Orc:2    | Found a staircase to the Elven Halls.
 21704 | D:12     | Reached skill level 10 in Armour
 21714 | D:12     | Identified +0 acid dragon scales
 21725 | D:12     | Offered knowledge of Ozocubu's Refrigeration by Vehumet.
 21733 | D:12     | Learned a level 6 spell: Ozocubu's Refrigeration
 22281 | D:12     | Reached skill level 9 in Spellcasting
 23109 | D:12     | Reached skill level 14 in Ice Magic
 23513 | D:13     | Got a distressingly furry robe
 23524 | D:13     | Identified the +1 robe of the Saviour {+Fly rC+ rN+} (You
                  | found it on level 13 of the Dungeon)
 23967 | D:13     | Identified a +2 robe of resistance
 23974 | D:13     | Paralysed by an orc sorcerer for 7 turns
 24374 | D:13     | Acquired an uncursed staff of cold
 24375 | D:13     | Acquired a +1 lajatang of distortion
 24756 | D:13     | Found a bloodstained altar of Trog.
 24796 | D:13     | Reached skill level 10 in Spellcasting
 24832 | D:13     | Found a gate to the Vaults.
 25297 | D:14     | Reached skill level 15 in Ice Magic
 25600 | D:14     | Identified the Almanac of the Nexus
 25650 | D:14     | Reached XP level 16. HP: 122/138 MP: 17/30
 25657 | D:14     | Reached ****** piety under Vehumet
 25657 | D:14     | Offered knowledge of Freezing Cloud by Vehumet.
 25657 | D:14     | Reached skill level 16 in Ice Magic
 25824 | D:14     | Found a runed translucent door.
 26268 | D:15     | Entered Level 15 of the Dungeon
 26271 | D:15     | Reached skill level 17 in Ice Magic
 26616 | D:15     | Offered knowledge of Conjure Ball Lightning by Vehumet.
 27619 | D:15     | Identified +0 acid dragon scales
 27626 | D:15     | Reached skill level 18 in Ice Magic
 27851 | D:15     | Found a staircase to the Depths.
 28045 | Swamp:1  | Entered Level 1 of the Swamp
 28502 | Orc:1    | Bought a scroll of enchant weapon for 150 gold pieces
 28502 | Orc:1    | Bought a scroll of blinking for 150 gold pieces
 28502 | Orc:1    | Bought a scroll of teleportation for 60 gold pieces
 28502 | Orc:1    | Bought a scroll of enchant armour for 150 gold pieces
 28532 | Orc:2    | Bought a bloodstained chain mail for 332 gold pieces
 28542 | Orc:2    | Identified the +2 chain mail of the Apprentice {rF- rN++
                  | Str+2} (You bought it in a shop on level 2 of the Orcish
                  | Mines)
 28726 | Swamp:1  | Reached skill level 1 in Staves
 28779 | Swamp:1  | Reached skill level 2 in Staves
 28870 | Swamp:1  | Reached skill level 3 in Staves
 29482 | Swamp:1  | Reached skill level 4 in Staves
 29487 | Swamp:1  | Reached skill level 19 in Ice Magic
 29514 | Swamp:1  | Reached XP level 17. HP: 138/144 MP: 18/31
 29528 | Swamp:1  | Reached skill level 5 in Staves
 29865 | Swamp:2  | Reached skill level 6 in Staves
 29963 | Swamp:2  | Offered knowledge of Spellforged Servitor by Vehumet.
 30405 | Swamp:2  | Reached skill level 7 in Staves
 30746 | Swamp:2  | Reached skill level 8 in Staves
 30989 | Swamp:2  | Identified the Guide on Earthen Summoning
 31791 | Swamp:3  | Reached skill level 9 in Staves
 32538 | Swamp:3  | Offered knowledge of Shatter by Vehumet.
 32538 | Swamp:3  | Offered knowledge of Chain Lightning by Vehumet.
 32538 | Swamp:3  | Offered knowledge of Ignition by Vehumet.
 32538 | Swamp:3  | Reached skill level 10 in Staves
 32826 | Swamp:3  | Noticed Louise
 32834 | Swamp:3  | Killed Louise
 33297 | Swamp:3  | Reached skill level 11 in Staves
 33445 | Swamp:4  | Entered Level 4 of the Swamp
 33477 | Swamp:4  | Identified +0 swamp dragon scales
 33619 | Swamp:4  | Reached skill level 12 in Staves
 34236 | Swamp:4  | Reached skill level 13 in Staves
 34243 | Swamp:4  | Killed from afar by a bog body

Vanquished Creatures
  A frost giant (D:14)
  Louise (Swamp:3)
  A very ugly thing (D:8)
  A stone giant (Orc:2)
  A dire elephant (D:15)
  An ettin (D:14)
  5 ogre magi
  Erolcha (Orc:2)
  A yaktaur captain (D:14)
  Harold (Lair:2)
  4 vault guards (D:13)
  15 hydras
  3 shambling mangroves
  13 alligators
  4 centaur warriors
  27 two-headed ogres
  A death knight (D:15)
  Erica (D:8)
  2 spriggan berserkers
  Sonja (D:10)
  7 death yaks (Lair:6)
  3 deep elf knights
  6 skeletal warriors
  2 unseen horrors
  2 deep trolls (Orc:2)
  9 swamp dragons
  5 spriggan druids
  A phantasmal warrior (D:15)
  A necromancer (Swamp:3)
  2 orc knights
  A deep elf archer (D:13)
  2 orc sorcerers (D:13)
  A manticore (D:12)
  5 cyclopes
  16 ugly things
  A salamander (D:15)
  6 elephants
  2 black mambas (Lair:6)
  Joseph (D:8)
  A molten gargoyle (D:14)
  3 gargoyles
  4 torpor snails
  Maggie (D:8)
  A guardian serpent (Lair:3)
  A swamp worm zombie (Swamp:3)
  3 rime drakes
  3 centaur skeletons
  31 cane toads
  11 komodo dragons
  2 freezing wraiths (D:15)
  A harpy zombie (D:14)
  3 meliai (D:14)
  15 tyrant leeches
  2 hydra zombies (Swamp:3)
  15 trolls
  2 polar bears
  8 bog bodies
  10 hornets
  21 blink frogs
  12 hippogriffs
  32 slime creatures
  Prince Ribbit (D:8)
  4 dream sheep (Lair:6)
  A meliai zombie (D:15)
  5 shadows
  47 yaks
  5 spriggans
  3 wraiths
  6 basilisks
  A yak (shapeshifter) (D:14)
  2 wyverns
  27 vampire mosquitoes
  A fire elemental (D:14)
  2 wargs
  23 insubstantial wisps
  21 swamp worms
  3 acid dragons
  9 water moccasins
  A soldier ant (D:13)
  9 porcupines
  15 swamp drakes
  4 ice beasts
  A black bear (D:12)
  2 sky beasts
  14 orc warriors
  26 centaurs
  28 ogres
  5 phantoms
  3 wolves (Lair:2)
  16 crocodiles
  A big kobold (D:14)
  30 bullfrogs
  A wyvern skeleton (D:13)
  5 scorpions
  7 killer bees
  15 wights
  3 electric eels
  A vampire bat (Lair:4)
  3 howler monkeys
  2 bullfrog zombies
  2 quasits
  3 centaur zombies
  7 jellies
  2 hounds
  A bullfrog skeleton (D:9)
  8 orc priests
  4 iguanas
  12 orc wizards
  5 worker ants
  A nameless horror (D:6)
  A hound zombie (D:7)
  4 gnolls
  A worker ant zombie (D:9)
  A swamp drake zombie (Swamp:3)
  11 adders
  A shadow imp (D:5)
  3 ufetubi
  6 oozes
  2 worms (D:4)
  2 dart slugs (D:1)
  A leopard gecko (D:6)
  40 orcs
  16 bats
  4 giant cockroaches
  4 goblins
  7 hobgoblins
  2 jackals (D:7)
  5 quokkas
  2 frilled lizards
  A jackal skeleton (D:4)
  A jackal zombie (D:8)
  11 kobolds
  A leopard gecko skeleton (D:5)
  A quokka skeleton (D:8)
  6 rats
872 creatures vanquished.

Vanquished Creatures (collateral kills)
  Rupert (Lair:4)
  3 hydras
4 creatures vanquished.

Vanquished Creatures (others)
  A hornet (Swamp:3)
  An orc (D:12)
  7 fungi
  58 plants
67 creatures vanquished.

Grand Total: 943 creatures vanquished
